Map: Nightscape CE

Players

Bogdan

  • Race: Protoss Protoss
  • League: Platinum
  • Spawn Location: 1:00

Teemon

  • Race: Terran Terran
  • Spawn Location: 1:00

Ekelpack - Winner!

  • Race: Zerg Zerg
  • Spawn Location: 7:00

Nyck - Winner!

  • Race: Terran Terran
  • Spawn Location: 7:00

VOD

Have the link to the VOD?

Description

Time

  • Played on: Oct. 8, 2024, 1:26 p.m.
  • Length: 22:01
Show
View Real Time Build Order
Export as new Build Order

Bogdan Protoss 

Build Orders:  

Get SALT Encoding   

  12  0:01  Probe  
  13  0:15  Pylon  
  13  0:17  Probe  
  14  0:30  Probe (Chrono Boost)  
  15  0:36  Gateway  
  16  0:43  Probe (Chrono Boost)  
  16  0:49  Probe (Chrono Boost)  
  17  0:52  Assimilator  
  17  0:57  Probe  
  18  1:05  Assimilator  
  18  1:09  Probe  
  19  1:21  Probe  
  19  1:25  Cybernetics Core  
  20  1:30  Pylon  
  20  1:33  Probe  
  21  1:51  Probe  
  22  2:01  Nexus  
  22  2:10  Stalker (Chrono Boost), Stargate  
  24  2:34  Stalker, Pylon  
  28  3:06  Void Ray (Chrono Boost)  
  28  3:13  Probe  
  29  3:26  Probe  
  30  3:39  Void Ray (Chrono Boost)  
  34  3:42  Probe (Chrono Boost)  
  34  3:47  Probe (Chrono Boost)  
  36  3:51  Gateway, Probe (Chrono Boost)  
  36  3:55  Probe (Chrono Boost)  
  38  3:56  Probe (Chrono Boost)  
  39  4:06  Probe  
  36  4:25  Probe x2  
  36  4:27  Void Ray (Chrono Boost)  
  42  4:36  Pylon  
  42  4:37  Probe x2  
  42  4:38  Pylon  
  44  4:49  Probe x2  
  46  4:53  Stalker  
  48  5:01  Probe x2  
  48  5:06  Assimilator, Warp Gate (Chrono Boost)  
  50  5:07  Assimilator  
  50  5:13  Probe x2  
  52  5:18  Gateway  
  52  5:20  Gateway  
  52  5:23  Stalker  
  52  5:26  Gateway, Probe  
  55  5:29  Gateway  
  55  5:34  Forge  
  55  5:35  Probe  
  56  5:47  Probe  
  57  5:54  Twilight Council  
  61  6:08  Void Ray  
  61  6:17  Nexus  
  61  6:19  Photon Cannon  
  61  6:23  Protoss Ground Armor Level 1 (Chrono Boost)  
  61  6:33  Pylon  
  61  6:35  Blink (Chrono Boost)  
  61  6:36  Pylon  
  60  6:43  Dark Shrine  
  56  6:49  Phoenix  
  56  6:53  Probe  
  59  6:59  Pylon  
  59  7:01  Stalker x2  
  59  7:02  Stalker  
  59  7:06  Probe  
  66  7:14  Stalker x2, Phoenix  
  72  7:26  Stalker  
  72  7:27  Stalker x2  
  78  7:30  Probe  
  78  7:31  Probe x2  
  81  7:39  Phoenix  
  81  7:42  Probe  
  84  7:45  Pylon  
  84  7:47  Pylon  
  84  7:57  Pylon  
  84  8:04  Phoenix (Chrono Boost)  
  86  8:06  Probe x3  
  89  8:18  Probe x3  
  92  8:24  Phoenix (Chrono Boost)  
  92  8:25  Shield Battery  
  94  8:29  Charge  
  94  8:30  Probe  
  94  8:31  Stalker x4  
  103  8:47  Photon Cannon  
  103  8:50  Stalker  
  103  8:53  Probe x3  
  80  9:10  Stalker  
  80  9:11  Stalker x3  
  80  9:16  Probe x2  
  80  9:17  Probe  
  57  9:27  Phoenix  
  57  9:28  Probe (Chrono Boost)  
  60  9:33  Probe (Chrono Boost)  
  60  9:34  Probe (Chrono Boost)  
  60  9:37  Assimilator  
  61  9:38  Probe (Chrono Boost)  
  61  9:42  Assimilator, Probe x2 (Chrono Boost)  
  61  9:43  Probe (Chrono Boost)  
  64  9:48  Protoss Ground Armor Level 2 (Chrono Boost)  
  64  9:49  Assimilator  
  64  9:52  Probe  
  65  9:55  Probe  
  66  10:03  Stalker x2  
  66  10:04  Stalker x2  
  66  10:07  Probe  
  75  10:10  Probe  
  75  10:12  Phoenix (Chrono Boost)  
  78  10:22  Probe  
  78  10:26  Pylon  
  79  10:29  Dark Templar x2  
  79  10:30  Dark Templar x2  
  87  10:36  Archon x2  
  87  10:40  Stalker  
  89  10:47  Phoenix  
  91  10:57  Gateway  
  91  10:59  Gateway  
  91  11:01  Gateway  
  91  11:04  Stalker  
  91  11:05  Stalker  
  91  11:06  Stalker x2  
  91  11:07  Stalker  
  101  11:14  Phoenix  
  103  11:19  Robotics Facility  
  103  11:39  Phoenix (Chrono Boost)  
  105  11:45  Stalker  
  105  11:46  Stalker  
  109  11:49  Stalker x3  
  115  11:57  Stalker  
  115  11:58  Stalker x2  
  121  12:01  Phoenix (Chrono Boost)  
  121  12:07  Immortal  
  127  12:16  Pylon  
  127  12:17  Pylon  
  127  12:19  Phoenix, Pylon  
  87  12:45  Immortal (Chrono Boost)  
  65  12:53  Zealot x2  
  65  12:54  Zealot x3  
  65  12:55  Zealot  
  77  13:04  Dark Templar x2  
  81  13:08  Phoenix (Chrono Boost)  
  83  13:16  Dark Templar  
  83  13:17  Dark Templar x3  
  83  13:18  Dark Templar  
  83  13:19  Dark Templar  
  95  13:24  Phoenix (Chrono Boost)  
  70  14:02  Dark Templar x2  
  70  14:03  Dark Templar x2  
  70  14:04  Dark Templar  
  76  14:30  Zealot x3  
  82  14:49  Zealot x3  
  82  14:50  Zealot x4  
  82  14:51  Zealot  
  98  15:23  Immortal (Chrono Boost)  
  98  15:28  Stalker x3  
  104  15:29  Stalker x2, Nexus  
  104  15:30  Stalker  
  104  15:31  Stalker x2  
  118  15:38  Pylon  
  118  15:39  Pylon  
  118  15:41  Pylon  
  118  16:01  Stalker x3  
  118  16:02  Stalker x4  
  118  16:03  Stalker  
Show
View Real Time Build Order
Export as new Build Order

Teemon Terran 

Build Orders:  

Get SALT Encoding   

  12  0:01  SCV  
  13  0:14  Supply Depot  
  13  0:18  SCV  
  14  0:30  SCV  
  15  0:37  Barracks  
  15  0:42  SCV  
  16  0:45  Refinery  
  16  0:54  SCV  
  17  1:04  Barracks  
  17  1:07  SCV  
  18  1:19  SCV  
  18  1:22  Barracks  
  20  1:32  Reaper  
  20  1:35  SCV  
  21  1:48  SCV  
  21  1:53  Reaper, Refinery  
  23  2:01  Supply Depot  
  23  2:03  Orbital Command  
  23  2:23  Reaper  
  23  2:24  Reaper  
  25  2:37  Reaper  
  26  2:44  Command Center  
  26  2:55  Reaper  
  26  2:56  SCV  
  28  3:14  Reaper x2  
  28  3:16  SCV  
  31  3:23  Factory  
  31  3:27  Supply Depot  
  31  3:31  Refinery  
  31  3:33  Barracks Tech Lab  
  30  3:50  Barracks Tech Lab  
  30  3:51  Barracks Tech Lab, SCV  
  31  3:56  Factory  
  27  4:18  SCV  
  27  4:20  Orbital Command  
  26  4:24  Marine x2  
  26  4:30  SCV  
  28  4:32  Starport  
  28  4:33  Supply Depot  
  28  4:35  Barracks Tech Lab, Siege Tank  
  28  4:36  Engineering Bay  
  31  4:42  SCV  
  31  4:43  Widow Mine  
  31  4:44  Marine  
  35  4:48  Marine  
  35  4:52  SCV  
  37  4:59  SCV  
  38  5:04  Widow Mine  
  40  5:07  Siege Tank  
  40  5:09  Refinery  
  40  5:10  SCV  
  40  5:13  SCV  
  45  5:15  Marine x2  
  45  5:16  Marine  
  48  5:22  SCV  
  48  5:23  Starport Reactor  
  48  5:26  SCV  
  50  5:29  Neosteel Armor  
  50  5:34  SCV  
  51  5:35  Missile Turret  
  51  5:38  SCV  
  51  5:39  Marine x2  
  54  5:45  Supply Depot  
  54  5:47  SCV  
  55  5:50  Factory Tech Lab  
  55  5:53  Stimpack  
  55  5:54  SCV  
  56  5:57  Marine  
  56  6:01  Marine x2  
  59  6:05  Supply Depot  
  59  6:10  Supply Depot  
  60  6:11  SCV  
  60  6:14  Medivac  
  62  6:18  Medivac  
  62  6:21  SCV  
  62  6:24  Widow Mine  
  67  6:28  Widow Mine  
  67  6:30  Supply Depot  
  67  6:32  SCV  
  70  6:34  Marine  
  70  6:37  Combat Shield  
  71  6:45  Missile Turret  
  71  6:48  SCV  
  71  6:53  SCV, Missile Turret  
  71  7:09  Hi-Sec Auto Tracking  
  71  7:10  Command Center  
  64  7:18  Marine  
  64  7:19  Marine  
  64  7:20  Siege Tank x2, Marine  
  64  7:21  Medivac  
  65  7:23  SCV  
  66  7:36  Marine x2  
  68  7:38  Marine  
  68  7:42  Barracks  
  69  7:44  Supply Depot  
  69  7:51  Medivac  
  71  7:52  Siege Tank  
  71  7:53  Missile Turret  
  71  7:54  Marine x2  
  71  7:56  Siege Tank, Marine  
  80  8:12  SCV, Marine x2, Medivac  
  85  8:13  SCV  
  85  8:14  Marine  
  84  8:25  SCV, Missile Turret  
  85  8:30  Marine x2  
  85  8:31  Widow Mine x2  
  85  8:32  Marine  
  92  8:35  SCV  
  92  8:37  SCV  
  94  8:43  Supply Depot  
  94  8:45  Supply Depot  
  94  8:47  SCV, Marine  
  96  8:50  Terran Infantry Weapons Level 1  
  96  8:51  Marine  
  96  8:53  Supply Depot  
  97  8:57  Marine  
  98  9:05  Marine  
  92  9:17  Marine x2  
  92  9:19  Siege Tank x2  
  92  9:23  Marine  
  94  9:30  Engineering Bay  
  90  9:32  Missile Turret  
  90  9:35  Marine x2  
  92  9:41  Marine  
  93  9:46  Command Center  
  93  9:53  Marine x2  
  93  9:58  Terran Infantry Armor Level 1  
  95  10:00  Marine  
  95  10:01  Armory  
  96  10:11  Marine, Missile Turret  
  96  10:12  Widow Mine x2  
  101  10:16  Supply Depot  
  101  10:19  Barracks Reactor  
  101  10:33  Widow Mine  
  101  10:34  Widow Mine  
  101  10:35  Marine x2  
  105  10:36  Marine  
  108  10:43  Supply Depot x2  
  108  10:53  SCV x2, Marine x3  
  113  10:57  Marine x2  
  113  10:58  Widow Mine  
  113  11:01  Medivac  
  119  11:05  SCV  
  120  11:12  Marine x2, Widow Mine  
  120  11:17  Refinery  
  124  11:20  Widow Mine  
  124  11:24  Planetary Fortress  
  120  11:28  SCV x2  
  122  11:33  Marine  
  122  11:34  Terran Infantry Weapons Level 2  
  123  11:40  SCV x2  
  123  11:43  Missile Turret  
  123  11:46  Missile Turret  
  127  11:47  Marine x2, Widow Mine  
  129  11:58  SCV, Thor  
  129  11:59  Marine x2  
  138  12:10  Marine  
  138  12:14  Marine x2  
  141  12:23  Thor  
  141  12:24  Viking x2  
  124  12:41  Thor  
  124  12:43  Marine  
  124  12:44  Marine x4  
  126  12:55  Terran Infantry Armor Level 2  
  126  13:00  SCV x2  
  126  13:01  Marine x2  
  126  13:02  Marine  
  126  13:05  Marine x2  
  131  13:06  Medivac  
  131  13:07  Siege Tank  
  131  13:08  SCV  
  131  13:12  SCV  
  136  13:19  Marine x3, Drilling Claws  
  138  13:23  Marine x2  
  138  13:24  Siege Tank  
  144  13:30  SCV x3  
  147  13:35  Refinery  
  147  13:37  Marine  
  147  13:38  Thor, Missile Turret  
  147  13:39  Marine x2  
  147  13:40  Marine  
  147  13:41  Marine  
  149  13:55  Marine, Liberator x2  
  144  13:59  Marine  
  144  14:00  Marine x3  
  119  14:12  Marine  
  120  14:17  Marine  
  120  14:18  Siege Tank, Marine x3, SCV  
  126  14:27  SCV  
  126  14:30  Marine  
  128  14:32  Missile Turret  
  128  14:35  Marine x2  
  130  14:38  Command Center  
  130  14:43  Marine  
  130  14:44  Marine  
  132  14:48  Marine  
  132  14:51  Missile Turret  
  133  14:53  Marine  
  133  14:59  Marine  
  135  15:01  Marine x2  
  127  15:21  Liberator x2  
  119  15:22  Widow Mine  
  119  15:23  Marine x4, Widow Mine  
  119  15:24  Marine  
  134  15:37  Supply Depot  
  134  15:38  Supply Depot  
  134  15:39  Terran Vehicle Weapons Level 1  
  134  15:40  SCV  
  135  15:54  Refinery, Terran Infantry Weapons Level 3  
  135  16:02  Supply Depot, Marauder  
  137  16:10  Supply Depot, Sensor Tower  
  136  16:19  Sensor Tower  
  136  16:24  Marine x3  
  142  16:25  Widow Mine x2  
  142  16:31  Planetary Fortress  
  139  16:44  Sensor Tower  
  139  16:47  Command Center  
  139  16:51  Liberator x2  
  139  16:52  Siege Tank x2, Command Center  
  151  17:04  Missile Turret  
  151  17:14  SCV, Command Center  
  152  17:16  Terran Infantry Armor Level 3  
  152  17:24  Missile Turret  
  152  17:26  SCV  
  152  17:29  Siege Tank  
  159  17:30  Siege Tank  
  159  17:44  Marine x2, Marauder x2  
  159  17:45  Marauder  
  159  17:50  SCV  
  168  17:53  Refinery  
  168  17:54  Terran Vehicle And Ship Armor Level 1  
  168  18:02  Marine x2  
  170  18:11  Planetary Fortress x2  
  170  18:22  Liberator x2  
  170  18:26  Siege Tank x2  
  131  18:57  Marine x2, Marauder x2  
  131  18:58  Siege Tank x2  
  143  19:06  Liberator x2  
  149  19:15  Factory  
  149  19:16  Factory x2  
  149  19:19  Command Center  
  138  19:32  Command Center  
  138  19:35  Marine  
  138  19:36  Marine x4  
  109  19:49  Liberator  
  104  19:53  Marine x2  
  104  19:54  Marine x3  
  72  20:00  Siege Tank x2  
  72  20:04  SCV  
  72  20:05  Factory Tech Lab x2  
  72  20:06  Factory Reactor  
  73  20:10  Refinery  
  73  20:11  Marine x4  
  73  20:12  Marine  
  57  20:28  Thor  
  63  20:29  Marine  
  63  20:33  Armory  
  62  20:46  Siege Tank  
  52  21:01  SCV, Refinery, Barracks  
  52  21:04  SCV  
  54  21:08  Supply Depot  
  54  21:11  Supply Depot x2, Siege Tank  
  57  21:14  SCV  
  57  21:16  SCV  
  59  21:18  Supply Depot  
  59  21:30  Widow Mine x2  
  59  21:31  SCV  
  67  21:45  SCV x2  
Show
View Real Time Build Order
Export as new Build Order

Ekelpack Zerg - Winner!

Build Orders: Hatch First 

Get SALT Encoding   

  12  0:00  Drone  
  13  0:13  Overlord  
  13  0:16  Drone  
  14  0:31  Drone  
  15  0:48  Drone  
  16  0:51  Hatchery  
  15  1:04  Spawning Pool  
  14  1:06  Drone  
  14  1:10  Extractor  
  14  1:13  Drone  
  14  1:17  Drone  
  16  1:22  Drone  
  17  1:30  Drone  
  18  1:39  Overlord  
  18  1:53  Queen  
  20  2:04  Zergling x2  
  20  2:06  Drone  
  22  2:12  Queen  
  24  2:15  Drone  
  24  2:19  Drone  
  26  2:23  Metabolic Boost  
  26  2:30  Drone x2  
  28  2:38  Extractor  
  28  2:40  Drone  
  28  2:59  Lair  
  28  3:00  Drone x4  
  28  3:01  Drone  
  33  3:12  Extractor  
  32  3:13  Zergling x8  
  36  3:28  Overlord  
  36  3:37  Overlord  
  35  3:49  Zergling x6  
  35  3:50  Zergling x6  
  41  3:55  Extractor  
  41  4:00  Zergling x4  
  41  4:06  Zergling x2  
  40  4:15  Zergling x2  
  40  4:16  Zergling x2  
  41  4:20  Queen  
  41  4:21  Queen, Spire  
  42  4:25  Zergling x4  
  43  4:41  Drone  
  43  4:44  Zergling x2  
  43  4:45  Zergling x4  
  47  4:51  Drone  
  48  5:15  Overlord x3  
  48  5:36  Mutalisk x5  
  48  5:37  Mutalisk  
  48  5:40  Zerg Flyer Weapons Level 1  
  60  5:47  Overlord  
  60  5:48  Mutalisk x2  
  60  5:49  Mutalisk  
  66  6:19  Mutalisk x3  
  66  6:20  Overlord x3  
  66  6:23  Drone x3  
  75  6:33  Overlord  
  75  6:56  Hatchery  
  74  7:04  Drone x6  
  78  7:29  Overseer  
  78  7:34  Mutalisk x2  
  78  7:36  Zerg Flyer Weapons Level 2  
  82  8:18  Mutalisk x4  
  82  8:19  Mutalisk x6  
  96  8:20  Mutalisk  
  96  8:21  Overlord x3  
  102  8:28  Drone x3  
  102  8:29  Drone  
  106  8:42  Extractor  
  106  8:46  Infestation Pit  
  106  8:47  Extractor  
  103  8:48  Evolution Chamber  
  62  9:30  Zergling x8  
  62  9:31  Zergling x12  
  66  9:32  Zergling x12  
  66  9:36  Drone x2  
  77  9:40  Zerg Melee Weapons Level 1  
  77  9:53  Drone x3  
  77  9:54  Drone  
  77  9:56  Hive  
  77  9:59  Pneumatized Carapace  
  81  10:04  Drone x2  
  81  10:05  Drone  
  84  10:18  Zerg Flyer Armor Level 1  
  84  10:21  Mutalisk x4  
  84  10:22  Mutalisk x4  
  100  11:06  Drone x3  
  103  11:17  Overlord x3  
  103  11:31  Hatchery  
  102  11:49  Zerg Melee Weapons Level 2  
  102  11:50  Ultralisk Cavern  
  102  11:53  Overlord x2  
  102  11:54  Evolution Chamber  
  100  12:04  Overlord x2  
  100  12:19  Zerg Flyer Armor Level 2  
  70  12:41  Ultralisk x4  
  70  12:42  Ultralisk x4  
  108  12:49  Zergling x6  
  108  12:50  Zergling x12  
  108  12:51  Zergling x2  
  118  13:03  Chitinous Plating  
  118  13:23  Ultralisk x2  
  130  13:39  Overseer  
  130  13:40  Overseer  
  113  13:54  Ultralisk x3  
  82  14:21  Ultralisk x2  
  94  14:41  Zerg Melee Weapons Level 3  
  94  14:43  Ultralisk x3  
  94  14:44  Zergling x8  
  116  14:54  Ultralisk  
  116  14:55  Zergling x4, Ultralisk  
  127  15:20  Ultralisk  
  131  15:35  Ultralisk x2  
  143  15:42  Ultralisk  
  147  15:51  Hatchery  
  146  16:01  Adrenal Glands  
  146  16:03  Ultralisk  
  152  16:07  Zerg Ground Armor Level 1  
  152  16:09  Anabolic Synthesis  
  133  16:33  Ultralisk  
  133  16:34  Ultralisk x2  
  151  17:16  Overlord  
  150  17:38  Overseer x2  
  150  17:45  Extractor  
  149  17:58  Extractor  
  149  18:01  Ultralisk x3  
  149  18:02  Ultralisk x2  
  149  18:03  Zergling x10, Overlord  
  149  18:04  Zergling x10  
  149  18:05  Zergling x4  
  176  18:55  Zergling x6, Ultralisk x2  
  190  18:56  Zergling x12  
  190  18:57  Zergling x2  
  198  19:14  Zerg Ground Armor Level 2  
  170  19:49  Ultralisk x2  
  170  19:50  Overlord x3  
  152  20:07  Overlord x2  
  152  20:08  Zergling x4  
  152  20:09  Zergling x12  
  152  20:10  Zergling x10  
  165  20:15  Hatchery  
  164  20:43  Ultralisk x2  
  164  20:44  Ultralisk x2  
  188  20:52  Drone x5  
  190  21:24  Overseer  
  190  21:25  Overseer  
  190  21:30  Drone x3  
  190  21:31  Drone x6  
Show
View Real Time Build Order
Export as new Build Order

Nyck Terran - Winner!

Build Orders:  

Get SALT Encoding   

  12  0:00  SCV  
  13  0:13  SCV  
  14  0:17  Supply Depot  
  14  0:25  SCV  
  15  0:39  SCV  
  15  0:41  Barracks  
  16  0:47  Refinery  
  16  0:51  SCV  
  17  1:01  Barracks  
  17  1:04  SCV  
  18  1:16  SCV  
  19  1:21  Supply Depot  
  19  1:31  Reaper  
  20  1:33  Orbital Command  
  20  1:49  Refinery  
  20  2:02  Barracks  
  20  2:03  SCV  
  21  2:15  SCV  
  22  2:17  Factory  
  22  2:25  Engineering Bay  
  22  2:26  Engineering Bay  
  22  2:27  SCV  
  23  2:36  Marine  
  24  2:39  SCV  
  25  2:51  SCV, Marine x2  
  28  3:03  SCV  
  27  3:18  SCV  
  28  3:24  Barracks Tech Lab  
  28  3:25  Barracks Reactor  
  28  3:26  Barracks Reactor  
  27  3:40  Starport  
  27  3:41  Terran Infantry Weapons Level 1  
  27  3:42  Terran Infantry Armor Level 1  
  27  3:43  SCV, Factory Reactor  
  27  3:47  Marine  
  26  4:05  Marine  
  26  4:11  Marine  
  26  4:12  Marine  
  27  4:17  Marine x2  
  27  4:23  Marine  
  30  4:29  Marine  
  31  4:32  Combat Shield  
  31  4:40  Supply Depot  
  31  5:02  SCV, Marine x3  
  31  5:04  Supply Depot  
  35  5:09  Marine  
  36  5:17  SCV  
  37  5:34  Armory  
  37  5:38  Command Center  
  37  5:40  Marine  
  37  5:41  Marine x2  
  37  5:42  Marine x2  
  41  5:49  Medivac x2  
  46  5:51  Stimpack  
  46  5:53  SCV  
  47  6:05  Marine x5  
  47  6:08  Supply Depot  
  47  6:10  SCV  
  53  6:22  SCV  
  53  6:23  Marine  
  55  6:29  Marine x2  
  55  6:31  Supply Depot  
  57  6:33  Medivac x2  
  57  6:34  SCV  
  62  6:42  Terran Infantry Armor Level 2  
  62  6:50  Terran Infantry Weapons Level 2  
  62  6:53  Supply Depot  
  62  7:05  SCV  
  62  7:07  Marine x3  
  66  7:09  Marine, Refinery  
  66  7:39  Supply Depot  
  66  7:40  Marine x4  
  66  7:41  Marine  
  66  7:42  Medivac  
  73  7:46  Orbital Command  
  73  7:48  SCV  
  73  8:26  SCV x2  
  75  8:32  Refinery  
  75  8:38  SCV x2  
  77  8:57  Command Center  
  49  9:29  Marine x2  
  49  9:30  Marine x3  
  50  9:33  Concussive Shells  
  50  9:34  Terran Infantry Weapons Level 3  
  50  9:35  Terran Infantry Armor Level 3  
  50  9:36  Terran Vehicle And Ship Armor Level 1  
  50  9:37  SCV x2  
  52  9:59  Supply Depot  
  52  10:04  SCV x2, Marine  
  52  10:05  Marine x3  
  52  10:06  Marine  
  59  10:13  Refinery  
  59  10:16  SCV  
  60  10:21  Supply Depot  
  60  10:22  Marine x2  
  60  10:23  Marine x3  
  65  10:31  Medivac  
  65  10:32  SCV  
  65  10:33  SCV  
  69  10:38  Supply Depot  
  69  10:40  Marine x2  
  69  10:41  Marine x3  
  74  10:48  Refinery  
  75  10:51  Orbital Command  
  74  10:58  Marine x2  
  74  10:59  Marine x3  
  74  11:01  Supply Depot  
  79  11:04  Supply Depot  
  79  11:13  Barracks  
  79  11:16  Marine x2  
  79  11:17  Marine x3  
  84  11:23  SCV x2  
  84  11:24  Supply Depot, SCV  
  87  11:32  Terran Vehicle And Ship Armor Level 2  
  87  11:34  Marine  
  87  11:38  Supply Depot  
  87  11:39  SCV  
  90  11:40  SCV x2  
  90  11:45  Medivac x2  
  90  11:47  Supply Depot  
  95  11:51  SCV  
  95  11:52  SCV x2  
  98  12:04  SCV x3  
  98  12:05  Marine x3  
  98  12:06  Marine  
  105  12:15  Viking x2  
  109  12:16  SCV x3  
  109  12:20  Marine  
  109  12:21  Marine  
  114  12:23  Marine x4  
  118  12:38  Marine x2  
  118  12:41  Marine  
  115  12:54  Marine x3  
  115  12:56  Marine x2  
  120  12:59  Marine  
  121  13:12  Marine x3  
  122  13:14  SCV x3, Marine x2  
  122  13:16  Marine  
  128  13:30  Marine x3  
  128  13:32  Marine x2  
  132  13:34  Marine  
  132  13:38  Viking  
  132  13:39  Viking  
  137  13:47  Marine  
  137  13:48  Marine x2  
  134  13:49  Marine  
  134  13:50  Marine  
  134  13:52  Marine  
  116  14:05  Marine x3  
  116  14:07  Marine x2  
  116  14:08  Viking  
  116  14:09  Viking  
  117  14:10  Marine  
  110  14:23  Marine x3  
  102  14:25  Marine x2  
  103  14:31  Marine  
  103  14:38  Viking x2  
  106  14:40  SCV x3  
  106  14:41  Marine x3  
  106  14:43  Marine x2  
  115  14:47  Terran Vehicle And Ship Armor Level 3  
  115  14:49  Marine  
  116  14:59  Marine x3  
  119  15:01  Marine x2  
  119  15:04  SCV  
  119  15:05  SCV x2  
  124  15:07  Marine  
  124  15:08  Viking x2  
  129  15:16  SCV, Marine  
  129  15:17  Marine x2  
  129  15:18  Marine  
  129  15:19  Marine  
  133  15:25  SCV x2, Marine  
  136  15:32  Barracks  
  136  15:34  Marine x2  
  136  15:35  Marine  
  139  15:36  Marine x2  
  139  15:38  Barracks, Viking x2  
  139  15:41  SCV x3  
  148  15:42  Marine  
  149  15:52  Marine x3  
  149  15:54  Marine x2  
  154  16:00  Marine  
  154  16:02  SCV  
  154  16:03  SCV  
  158  16:08  Viking x2  
  158  16:10  Marine x3  
  164  16:12  Marine x2  
  166  16:18  Marine  
  167  16:30  Marine x2  
  168  16:38  Viking x2  
  172  16:46  Marine x5  
  177  16:48  Marine x2  
  177  16:53  SCV x2  
  181  17:04  Marine x5  
  181  17:05  Marine  
  181  17:06  Marine  
  181  17:08  Medivac x2  
  192  17:19  SCV x2  
  192  17:21  Marine  
  192  17:22  Marine x4  
  199  17:23  Marine  
  199  17:28  Barracks Reactor  
  200  17:33  Orbital Command  
  200  18:03  Refinery  
  200  18:08  Refinery  
  176  18:49  SCV x2  
  170  19:00  Marine  
  170  19:01  Marine x7  
  178  19:05  Supply Depot  
  178  19:18  Marine x2  
  178  19:19  Marine x6  
  186  19:28  Supply Depot  
  186  19:36  Marine x7  
  186  19:37  Marine  
  186  19:51  Supply Depot  
  179  19:54  Marine x8  
  181  20:12  Marine x4  
  179  20:15  Supply Depot  
  179  20:22  Marine x4  
  179  20:25  Medivac  
  179  20:26  Medivac  
  187  20:30  Marine x4  
  191  20:39  Marine  
  191  20:40  Marine x3  
  195  20:48  Marine x4  
  199  20:52  SCV  
  200  21:31  Command Center  
  200  21:38  Command Center  
Tags
 
Add a new tag
Caveats
  • Supply blocks, unpowered buildings, or Contaminate may cause inaccurate times.
  • Supply counts are checked every 10 seconds.